Markus, neutral male human Tourist ----- ---- ---- -- |...| -- --..| |..| ----- -----.-- |.%.| ---- --.--...| |*.-- --...| |......| |)|.| ---- |..-- |......- ---.>.| |....|---....- |%|.| |..-- |...-- |......| ------|.....| |....||......| |.|.--|...|-------....| ---....| |..|.--....-- |....--.--..-- |....---..--..--...--.| |....--- |.@q........| |..<.....|.-- --- |.....%).............-------......| ---........-- |..----..|.|------.-- |....----.........................---------........-- |.-- ---|.|..--....| ---.-- --.........^................................| |.| |..........| ---|.| ---|.------.....---...----------------.......-- |.|---- ---.......(---..|.--..||.| --..--- ----- ---....Y..-- |.--..-- |.............|.[...||.| --.-| |.........- |..^...| --.|.--...--....^...||.| |...----- |...)--....| ---....-- ----------|........||.--- |....--.--- --)----|....| |.....-- -----.......--|...| |.........| ---..| --..-- |......| --.--.......-- |...| --..---...| |....| |..| --....-| --.....---....| |..-- ---- |...| |....| ---- |.....| |..----- |...-- ---- ----- ------ ----.-- |.-- --.-- --- -- --- Markus the Excursionist Experience level: 8 Strength: 11 Dexterity: 12 Constitution: 17 Intelligence: 14 Wisdom: 13 Charisma: 14 Health: 0(75) Energy: 43(43) Def: 12 Gold: 0 Moves: 6956 Dungeon seed: ZTuW5bM4McRX2Zgo Game ID: Markus_1537449489 Your Inventory: Weapons a - 10 +2 darts (in quiver) S - a +2 dagger (alternate weapon; not wielded) U - 5 +1 daggers V - 15 +0 darts W - a blessed +2 dagger (weapon in hand) Armor e - an uncursed +0 Hawaiian shirt (being worn) q - an uncursed +0 pair of leather gloves (being worn) y - a cursed -1 pair of iron shoes z - an uncursed +0 pair of iron shoes M - an uncursed +0 elven cloak (being worn) P - an uncursed +0 dwarvish mithril-coat (being worn) R - an uncursed +0 pair of iron shoes (being worn) Y - an uncursed +0 dwarvish iron helm (being worn) Comestibles b - 5 uncursed food rations c - an uncursed lembas wafer d - an uncursed apple o - an uncursed tin of large kobold meat Potions p - an uncursed potion of object detection Wands h - a wand of make invisible (0:5) w - a wand of digging (0:7) C - a wand of undead turning (0:4) D - a wand of slow monster (0:4) F - a wand of polymorph (0:7) L - a blessed wand of magic missile (0:1) Tools f - a magic marker (0:81) k - an expensive camera (0:52) l - an uncursed credit card n - an uncursed blindfold r - an uncursed mirror s - an uncursed oil lamp (0:301) t - a cursed wax candle (0:400) v - 2 cursed tallow candles (0:200) x - an uncursed tallow candle (0:200) A - an uncursed towel I - an uncursed mirror Q - an uncursed bag of holding T - a magic marker (0:64) X - an uncursed stethoscope Gems K - an uncursed touchstone Contents of the bag of holding: 632 gold pieces a blessed +0 cloak of displacement a cursed -2 pair of fumble boots a cursed -1 pair of gauntlets of fumbling a cursed -1 pair of water walking boots an uncursed scroll of blank paper an uncursed scroll of enchant weapon a cursed scroll of genocide 2 uncursed scrolls of identify an uncursed scroll of light a blessed scroll of magic mapping 2 uncursed scrolls of magic mapping a cursed scroll of remove curse an uncursed scroll of teleportation an uncursed spellbook of haste self an uncursed spellbook of knock an uncursed potion of full healing an uncursed potion of gain level 2 uncursed potions of water an uncursed amethyst stone an uncursed jet stone an uncursed worthless piece of blue glass an uncursed worthless piece of green glass an uncursed worthless piece of orange glass an uncursed worthless piece of red glass an uncursed worthless piece of yellow glass Spells and supernatural/magical abilities: Name Level Category Fail Memory W - pray for help -- divine ? -- Your skills at the end: Fighting Skills Weapon Skills dagger [Skilled] dart [Basic] Spellcasting Skills Final Attributes: You were piously aligned. You were stealthy. You are dead. Vanquished creatures: a dwarf king a quivering blob a gnome king an orc mummy a dwarf mummy a dog a jaguar 2 dwarf lords an ape a human zombie an imp a wood nymph a water nymph a mountain nymph a rock piercer a fog cloud a shrieker a violet fungus 7 gnome lords 4 gnomish wizards a kobold mummy 2 elf zombies 2 straw golems a paper golem 3 giant ants 2 little dogs a floating eye 9 dwarves a homunculus a kobold lord 12 hill orcs a centipede a giant bat 2 monkeys an iguana 10 killer bees 5 coyotes 6 hobbits 11 manes a large kobold 5 giant rats 3 cave spiders a yellow mold a green mold 31 gnomes 2 gnome zombies 2 geckos 3 jackals 2 foxes a kobold 4 goblins a sewer rat 5 grid bugs 10 lichens 4 kobold zombies 9 newts 187 creatures vanquished. Voluntary challenges: You used a wielded weapon 239 times, starting on turn 829. You read items or engraved 2 times, starting on turn 803. You never genocided any monsters. You never polymorphed an object. You never changed form. You used no wishes. You never split a pudding. You wrote Elbereth's name 1 time, starting on turn 6938. You never violated your personal moral code. Dungeon overview: The Dungeons of Doom: levels 1 to 3 Level 1 a fountain a long staircase Level 2 an armor shop stairs to The Gnomish Mines Level 3 some fountains, a sink The Gnomish Mines: levels 3 to 6 Level 3 stairs to The Dungeons of Doom Level 4 Level 5 many shops, a temple to Offler, some fountains Level 6 <- You were here History has recorded: On T:1 you entered the Dungeons of Doom to retrieve the Amulet of Yendor! On T:508 you reached level 2 of The Dungeons of Doom. On T:969 you advanced to experience level 2. On T:1253 you reached level 3 of The Dungeons of Doom. On T:1530 you advanced to experience level 3. On T:2329 you reached level 1 of The Gnomish Mines. On T:2357 you advanced to experience level 4. On T:2392 you advanced to experience level 5. On T:3294 you advanced to experience level 6. On T:3517 you reached level 2 of The Gnomish Mines. On T:4441 you reached level 3 of The Gnomish Mines. On T:4627 you advanced to experience level 7. On T:6368 you reached level 4 of The Gnomish Mines. On T:6685 you advanced to experience level 8. Score breakdown: Gold: 66 ( 6211 points) Experience: 8 levels (14739 points) Exploration: 6 levels ( 12.24%) ( 9682 points) Discoveries: 26 items ( 8.72%) ( 8861 points) Valuables value: (no points given unless you survive) Artifact value: 0 ( 0 points) Variety of kills: 56 monsters ( 14.70%) (11501 points) Turncount: 6956 turns (-1842 points) Survival: died (score multiplied by 80%) Total score: 39321 Latest messages: You see here a lock pick. You stop running. The dart hits the mumak. The mumak butts! The mumak misses. (2x) The mumak bites! You see here a +2 dart. You miss the mumak. The mumak butts! The mumak misses. You write in the dust with your fingers. The mumak turns to flee! The magic missile hits the mumak! The magic missile hits the mumak. The dart misses the mumak. The mumak is blinded by the flash! The mumak butts! You die... Final status: Aloha Markus the Tourist, killed by a mumak... You died in The Gnomish Mines on dungeon level 6 with 39321 points, and 632 pieces of gold, after 6956 moves. You were level 8 with a maximum of 75 hit points when you died.